 Dungeon Crawl Stone Soup version 0.29-a0-824-gd827844252 (webtiles) character file.

Game seed: 6237285575321976433

95 dolemite99 the Ruffian (level 4, -11/35 HPs)
             Began as a Minotaur Transmuter on July 9, 2022.
             Mangled by an orc warrior
             ... wielding a +0 dire flail
              (14 damage)
             ... on level 3 of the Dungeon.
             The game lasted 00:02:54 (3282 turns).

dolemite99 the Ruffian (Minotaur Transmuter)        Turns: 3282, Time: 00:02:55

Health: -11/35     AC:  8    Str: 14 (16) XL:     4   Next: 40%
Magic:  5/5        EV: 10    Int:  8 (10) God:
Gold:   127        SH:  0    Dex: 10 (13) Spells: 4/5 levels left

rFire   . . .      SeeInvis .     - Unarmed
rCold   . . .      Faith    .   (no shield)
rNeg    . . .      Spirit   .   k - +0 ring mail
rPois   +          Reflect  .   (helmet restricted)
rElec   .          Harm     .   (no cloak)
rCorr   .          Rampage  .   (no gloves)
Will    .....                   g - +0 pair of boots
Stlth   +.........              (no amulet)
HPRegen 0.11/turn               (no ring)
MPRegen 0.09/turn               (no ring)

@: no status effects
A: horns 2, retaliatory headbutt, iridescent scales 1, thin skeletal structure
1, poison resistance
a: no special abilities


You were on level 3 of the Dungeon.
You visited 1 branch of the dungeon, and saw 3 of its levels.

You collected 127 gold pieces.

Inventory:

Missiles
 p - 11 poisoned darts
Armour
 a - a +0 robe
 g - a +0 pair of boots (worn)
 k - a +0 ring mail (worn)
Jewellery
 i - a +6 ring of intelligence
 o - a +6 ring of intelligence
Scrolls
 c - 3 scrolls of identify {unknown}
 d - a scroll of magic mapping
 e - a scroll of noise {unknown}
 h - a scroll of vulnerability {unknown}
 j - 2 scrolls of fog
 m - a scroll of enchant armour {unknown}
 n - a scroll of brand weapon {unknown}


   Skills:
 - Level 1.2 Fighting
 - Level 2.1 Dodging
 + Level 5.8 Unarmed Combat
 - Level 1.3 Spellcasting
 - Level 1.5 Transmutations


You had 4 spell levels left.
You knew the following spells:

 Your Spells              Type           Power      Damage    Failure   Level
a - Beastly Appendage     Tmut           6%         N/A       38%         1

Your spell library contained the following spells:

 Spells                   Type           Power      Damage    Failure   Level
 Wereblood                Tmut           3%         N/A       54%         2
 Spider Form              Tmut/Pois      1%         N/A       86%         3
 Portal Projectile        Hex/Tloc       0%         N/A       93%         3
 Tukima's Dance           Hex            0%         N/A       93%         3
 Ice Form                 Ice/Tmut       1%         N/A       99%         4
 Blade Hands              Tmut           1%         N/A       100%        5


Dungeon Overview and Level Annotations

Branches:
Dungeon (3/15)

Altars:


Innate Abilities, Weirdness & Mutations

You have a pair of horns on your head.
You reflexively headbutt those who attack you in melee.
You are partially covered in iridescent scales. (AC +2)
You have a somewhat thin skeletal structure. (Dex +2, Stealth+)
Your system is resistant to poisons. (rPois)


Message History

The bolt barely misses you.
You see here a +0 hand axe.
The orc warrior unwields a +0 arbalest.
The orc warrior wields a +0 dire flail.
The orc warrior hits you with a +0 dire flail!
You punch the orc warrior!
The orc warrior is moderately wounded.
The orc wizard mumbles some strange words.
The orc wizard flickers and vanishes!
Deactivating autopickup; reactivate with Ctrl-A.
The orc warrior hits you with a +0 dire flail.
Okay, then.
As you read the scroll labelled GUDDAI PITANA, it crumbles to dust.
The scroll dissolves into smoke.
It was a scroll of fog.
The orc warrior hits you with a +0 dire flail!
* * * LOW HITPOINT WARNING * * *
It was a potion of cancellation.
You feel magically purged. The orc warrior closely misses you.
It was a potion of degeneration.
There was something very wrong with that liquid.
You feel weakened.
You feel dopey.
You feel clumsy. The orc warrior barely misses you.
It was a potion of mutation.
You feel extremely strange.
Your bones become slightly less dense.
Iridescent scales grow over part of your body.
You feel resistant to poisons. The orc warrior closely misses you.
You furiously retaliate!
You headbutt the orc warrior. You hit the orc warrior.
The orc warrior is heavily wounded.
The orc warrior misses you.
You hit the orc warrior but do no damage.
The orc warrior is heavily wounded.
The orc warrior hits you but does no damage.
You closely miss the orc warrior. You headbutt the orc warrior!
The orc warrior is severely wounded.
You hit the orc warrior.
You headbutt the orc warrior, but do no damage.
The orc warrior is almost dead.
The orc warrior hits you with a +0 dire flail!
You die...

**,*#########.#....
**,*,...)......#..#'
*,#*#.....####.#..#_
**.#..###.###..#..##
*#.#.* #......#....
#)#.########.#....
#{#.#........#####
#o#.#.######......
#@#.#.# ####..#
#§#.#.# #...
#§#.#.##### #.##
#.#.......## #...
#.###.##.#.####)##
#.# #...###.....##
#.# ###.....###.##
#.#####..<^.# #.##
#...........# #..#


You could see an orc warrior.

Vanquished Creatures
  An adder (D:2)
  A dart slug (D:2)
  An orc (D:3)
  4 endoplasms
  2 giant cockroaches
  11 goblins
  10 hobgoblins
  11 jackals (D:1)
  3 quokkas
  4 ball pythons
  5 bats
  3 frilled lizards
  10 kobolds
  6 rats
72 creatures vanquished.

Notes
Turn   | Place    | Note
-------+----------+-------------------------------------------
     0 | D:1      | dolemite99 the Minotaur Transmuter began the quest for the
                  | Orb.
     0 | D:1      | Reached XP level 1. HP: 16/16 MP: 1/1
   284 | D:1      | Reached skill level 4 in Unarmed Combat
   284 | D:1      | Reached XP level 2. HP: 4/23 MP: 3/3
   947 | D:1      | Reached XP level 3. HP: 28/28 MP: 4/4
  1305 | D:2      | Reached skill level 5 in Unarmed Combat
  1633 | D:2      | Reached XP level 4. HP: 32/35 MP: 5/5
  2419 | D:3      | Found a faded altar of an unknown god.
  2461 | D:3      | Noticed a gnoll sergeant
  3268 | D:3      | Noticed an orc warrior
  3278 | D:3      | Gained mutation: You have a somewhat thin skeletal
                  | structure. (Dex +2, Stealth+) [potion of mutation]
  3278 | D:3      | Gained mutation: You are partially covered in iridescent
                  | scales. (AC +2) [potion of mutation]
  3278 | D:3      | Gained mutation: Your system is resistant to poisons.
                  | (rPois) [potion of mutation]
  3282 | D:3      | Mangled by an orc warrior

Illustrated notes

Levels and vault maps discovered:
D:1:      dpeg_arrival_oval, layout_basic
D:2:      kennysheep_the_goblin_king, layout_basic
D:3:      layout_loops_ring, zin_purify,
          mainiacjoe_overflow_concentric_impassable,
          hellmonk_ecumenical_altar_inner_sanctum, uniq_sigmund

Skill      XL: |  1  2  3 |
---------------+----------+-----
Unarmed Combat | 4 5 |  5.8
Fighting       | |  1.2
Dodging        | |  2.1
Spellcasting   | |  1.3
Transmutations | |  1.5

Action                   |  1- 3 |  4- 6 || total
-------------------------+-------+-------++-------
Melee: Unarmed           |   111 |    39 ||   150
       Headbutt          |    18 |     6 ||    24
       Punch             |     1 |     1 ||     2
  Use: Potion            |     1 |     4 ||     5
       Scroll            |       |     3 ||     3
 Stab: Sleeping          |     1 |       ||     1
Armor: Robe              |    17 |       ||    17
       Skin              |     3 |       ||     3
       Ring mail         |    11 |    26 ||    37
Dodge: Dodged            |    68 |    43 ||   111

Table legend: (Time is in decaauts)
 A = Elapsed time spent in this place.
 B = Non-inter-level travel time spent in this place.
 C = Inter-level travel time spent in this place.
 D = Time resting spent in this place.
 E = Time spent auto-exploring this place.
 F = Levels seen in this place.
 G = Mean time per level.
                   A        B        C        D        E       F      G
               +--------+--------+--------+--------+--------+-----+--------+
         Total |   3267 |   3232 |     35 |   1059 |   1626 |   3 | 1089.0 |
       Dungeon |   3267 |   3232 |     35 |   1059 |   1626 |   3 | 1089.0 |
               +--------+--------+--------+--------+--------+-----+--------+

Top non-repeatable levels by time:
     D:1: 1257 daAuts
     D:2: 1011 daAuts
     D:3: 999 daAuts
